 Dungeon Crawl Stone Soup version 0.24-a0-446-g87df720 (webtiles) character file.

Game seed: 5753094189450539840

4374 ChemicalHorse the Fighter (level 10, -6/94 HPs)
             Began as a Ghoul Monk on June 24, 2019.
             Was an Elder of Makhleb.
             Mangled by a three-headed hydra (11 damage)
             ... on level 6 of the Dungeon.
             The game lasted 00:42:13 (9956 turns).

ChemicalHorse the Fighter (Ghoul Monk)              Turns: 9956, Time: 00:42:13

Health: -6/94      AC: 23    Str: 23    XL:     10   Next: 34%
Magic:  9/9        EV: 10    Int:  5    God:    Makhleb [****..]
Gold:   450        SH:  0    Dex: 12    Spells: 9/9 levels left

rFire    x . .     SeeInvis .     - Unarmed
rCold    + + .     Gourm    .   (no shield)
rNeg     + + +     Faith    .   u - +11 chain mail "Cyud" {Str+5}
rPois    ∞         Spirit   .   (no helmet)
rElec    .         Reflect  .   B - +2 cloak
rCorr    +         Harm     .   (no gloves)
MR       .....                  (no boots)
Stlth    +.........             (no amulet)
HPRegen  0.00/turn              d - ring of ice
MPRegen  0.11/turn              M - ring of resist corrosion

@: rotting
A: rotting body, claws 1, carnivore, cold resistance 1, negative energy
resistance 3, inhibited regeneration, torment resistance, unbreathing
a: Minor Destruction, Lesser Servant of Makhleb, Major Destruction, Renounce
Religion


You were on level 6 of the Dungeon.
You worshipped Makhleb.
Makhleb was greatly pleased with you.
You were not hungry.

You visited 1 branch of the dungeon, and saw 8 of its levels.

You collected 450 gold pieces.

Inventory:

Hand Weapons
 a - a +0 hand axe of flaming
 e - a +1 dagger of speed
 o - a +0 hunting sling
 q - a +0 dagger of flaming
 D - a +0 trident of freezing
 G - a +2 hand axe of electrocution
 I - a +2 flail of protection
 J - a +0 dagger of venom
 K - a +2 dagger of chaos
Missiles
 i - 13 boomerangs
 m - 13 poisoned darts (quivered)
 r - 81 sling bullets
 v - 362 stones
Armour
 u - the +11 chain mail "Cyud" (worn) {Str+5}
   (You took it off an orc on level 4 of the Dungeon)

   It affects your strength (+5).
 B - a +2 cloak (worn)
 C - the +1 chain mail "Cog Jaci" {*Contam rElec rC++ Slay+2}
   (You found it on level 5 of the Dungeon)

   It affects your accuracy and damage with ranged weapons and melee attacks
   (+2).
   It greatly protects you from cold.
   It insulates you from electricity.
   It causes magical contamination when unequipped.
Jewellery
 d - a ring of ice (left claw)
 M - a ring of resist corrosion (right claw)
 N - a +2 ring of intelligence {unknown}
Wands
 g - a wand of iceblast (11)
 h - a wand of polymorph (9)
 w - a wand of random effects (19)
 H - a wand of flame (5)
Scrolls
 n - 5 scrolls of teleportation
 t - 3 scrolls of amnesia
 y - a scroll of immolation
 E - a scroll of fog
 F - a scroll of fear
 O - a scroll of remove curse
Potions
 c - a potion of mutation {unknown}
 f - a potion of cancellation {unknown}
 j - 2 potions of might {unknown}
 k - a potion of lignification {unknown}
 l - a potion of degeneration {unknown}
 p - 2 potions of agility {unknown}
 s - 2 potions of heal wounds {unknown}
 x - 2 potions of resistance {unknown}
 z - a potion of ambrosia {unknown}
 A - 4 potions of curing {unknown}
Comestibles
 b - 13 rations


   Skills:
 * Level 10.7 Fighting
 + Level 4.1 Armour
 - Level 5.0 Dodging
 - Level 8.0 Stealth
 + Level 8.0 Unarmed Combat


You had 9 spell levels left.
You didn't know any spells.
Your spell library contained the following spells:

 Spells                   Type           Power        Failure   Level  Hunger
 Confusing Touch          Hex            #.....       99%         1    ##.....
 Magic Dart               Conj           #...         99%         1    ##.....
 Searing Ray              Conj           #.....       99%         2    ###....
 Confuse                  Hex            #.......     100%        3    ####...
 Dazzling Spray           Conj/Hex       #.....       100%        3    ####...
 Gell's Gravitas          Tloc           #.........   100%        3    ####...
 Force Lance              Conj/Tloc      #.......     100%        4    #####..
 Fulminant Prism          Conj/Hex       #.........   100%        4    #####..
 Iskenderun's Mystic Bla  Conj           #.......     100%        4    #####..
 Petrify                  Tmut/Erth      #.......     100%        4    #####..
 Metabolic Englaciation   Hex/Ice        #.........   100%        5    ######.
 Yara's Violent Unravell  Hex/Tmut       #.........   100%        5    ######.


Dungeon Overview and Level Annotations

Branches:
Dungeon (8/15)             Temple (0/1) D:6
   Lair: D:8-11

Altars:
Cheibriados
Fedhas
Gozag
Hepliaklqana
Kikubaaqudgha
Makhleb
Okawaru
Sif Muna
Trog
Zin


Innate Abilities, Weirdness & Mutations

Your body is rotting away.
You thrive on raw meat.
You are immune to poison.
You have sharp fingernails.
You are carnivorous and can eat meat at any time.
Your flesh is cold resistant. (rC+)
You are immune to negative energy. (rN+++)
You do not regenerate when monsters are visible.
You are immune to unholy pain and torment.
You can survive without breathing.


Message History

Press: ? - help, Dir - move target cursor, f - three-headed hydra
Aim: a three-headed hydra Attack!
The three-headed hydra bites you but does no damage.
The three-headed hydra bites you.
* * * LOW HITPOINT WARNING * * *
The three-headed hydra bites you but does no damage.
Your smoke demon barely misses the three-headed hydra.
Your smoke demon hits the three-headed hydra. x2
The three-headed hydra bites you but does no damage. x2
The three-headed hydra closely misses you.
Your smoke demon hits the three-headed hydra. x3
Your smoke demon gestures at the three-headed hydra.
The ball of steam hits the three-headed hydra!!
The three-headed hydra is engulfed in a cloud of scalding steam.
The three-headed hydra is engulfed in a cloud of scalding steam.
The three-headed hydra is engulfed in a cloud of scalding steam.
The three-headed hydra bites you but does no damage.
The three-headed hydra bites you!
You die...

##....## ###
#......#######..
##....##...#.....
#.....#####...###
##.....# ##..###
##.....## ##...#
#......# ##...
##......# #...
##..@D..## ##..
#....§..# ##.
##.....§## ##
#......3§## #
##....§.§.## ###
##...§§...## ###..
#.........######....
##...##....#_#......
##...##....#'#......


You could see a three-headed hydra and a friendly smoke demon.

Vanquished Creatures
  Joseph (D:8)
  Psyche (D:8)
  Prince Ribbit (D:7)
  2 hippogriffs
  2 dream sheep (D:8)
  Sigmund (D:2)
  A hungry ghost (D:7)
  An ice beast (D:6)
  3 phantoms
  3 orc warriors
  A necrophage (D:5)
  2 ogres (D:6)
  A centaur (D:6)
  5 big kobolds
  2 scorpions (D:4)
  A crimson imp (D:7)
  7 orc priests
  3 hounds
  A jelly (D:7)
  7 orc wizards
  A centaur skeleton (D:7)
  Terence (D:2)
  An iguana (D:6)
  A worker ant (D:8)
  2 hound skeletons
  2 worker ant zombies
  9 gnolls
  6 adders
  A shadow imp (D:7)
  8 worms
  A dart slug (D:1)
  5 leopard geckos
  40 orcs
  A ball python (D:3)
  11 bats
  3 giant cockroaches
  14 goblins
  15 hobgoblins
  4 jackals (D:8)
  5 quokkas
  8 frilled lizards
  35 kobolds
  2 leopard gecko skeletons
  7 rats
229 creatures vanquished.

Vanquished Creatures (collateral kills)
  A big kobold (D:8)
  3 orc priests
  2 orc wizards (D:4)
  A worker ant zombie (D:7)
  A gnoll (D:3)
  7 orcs
  2 hobgoblins (D:3)
17 creatures vanquished.

Vanquished Creatures (others)
  A plant (D:4)
1 creature vanquished.

Grand Total: 247 creatures vanquished

Notes
Turn   | Place    | Note
-------+----------+-------------------------------------------
     0 | D:1      | ChemicalHorse the Ghoul Monk began the quest for the Orb.
     0 | D:1      | Reached XP level 1. HP: 19/19 MP: 0/0
     2 | D:1      | Noticed a centaur
     2 | D:1      | Noticed a felid
     4 | D:1      | Noticed a human
     4 | D:1      | Noticed a dwarf
     6 | D:1      | Noticed a naga
     6 | D:1      | Noticed a demigod
     8 | D:1      | Noticed a vine stalker
     8 | D:1      | Noticed a tengu
    10 | D:1      | Noticed a vampire
    10 | D:1      | Noticed an octopode
    12 | D:1      | Noticed a gargoyle
    14 | D:1      | Noticed a troll
    16 | D:1      | Noticed a minotaur
    16 | D:1      | Noticed a draconian
    18 | D:1      | Noticed a spriggan
    18 | D:1      | Noticed a merfolk
    20 | D:1      | Noticed an elf
    20 | D:1      | Noticed a demonspawn
    22 | D:1      | Noticed a halfling
    22 | D:1      | Noticed an ogre
    26 | D:1      | Noticed a ghoul
    26 | D:1      | Noticed a formicid
   111 | D:1      | Reached XP level 2. HP: 11/26 MP: 1/1
   688 | D:1      | Reached XP level 3. HP: 31/33 MP: 2/2
  1384 | D:2      | Found an iron altar of Okawaru.
  1397 | D:2      | Reached skill level 4 in Fighting
  1590 | D:2      | Reached XP level 4. HP: 22/40 MP: 3/3
  1815 | D:2      | Noticed Terence
  1838 | D:2      | Killed Terence
  2008 | D:2      | Found a glowing silver altar of Zin.
  2014 | D:2      | Noticed Sigmund
  2030 | D:2      | Killed Sigmund
  2030 | D:2      | Reached skill level 5 in Fighting
  2030 | D:2      | Reached XP level 5. HP: 38/47 MP: 4/4
  2030 | D:2      | Reached XP level 6. HP: 44/55 MP: 5/5
  2092 | D:2      | Found a snail-covered altar of Cheibriados.
  2223 | D:2      | Found a bloodstained altar of Trog.
  2285 | D:2      | Found a hazy altar of Hepliaklqana.
  2608 | D:2      | Found a burning altar of Makhleb.
  2766 | D:2      | Became a worshipper of Makhleb the Destroyer
  2766 | D:2      | Reached * piety under Makhleb
  2766 | D:2      | Reached ** piety under Makhleb
  3546 | D:3      | Found a faded altar of an unknown god.
  3610 | D:3      | Reached XP level 7. HP: 60/62 MP: 6/6
  3644 | D:3      | Reached skill level 6 in Fighting
  3696 | D:3      | Reached skill level 5 in Unarmed Combat
  3870 | D:3      | Reached *** piety under Makhleb
  4388 | D:3      | Found a blossoming altar of Fedhas.
  5115 | D:4      | Reached skill level 5 in Stealth
  5129 | D:4      | Reached XP level 8. HP: 40/71 MP: 7/7
  5305 | D:4      | Reached skill level 7 in Fighting
  5850 | D:4      | Reached **** piety under Makhleb
  5893 | D:4      | Found a blossoming altar of Fedhas.
  5895 | D:4      | Found an ancient bone altar of Kikubaaqudgha.
  5936 | D:4      | Identified the +11 chain mail "Cyud" {Str+5}
  6284 | D:5      | Entered Level 5 of the Dungeon
  6395 | D:5      | Got a warped chain mail
  6601 | D:5      | Reached skill level 5 in Dodging
  6666 | D:5      | Identified the +1 chain mail "Cog Jaci" {*Contam rElec rC++
                  | Slay+2} (You found it on level 5 of the Dungeon)
  6999 | D:6      | Reached skill level 8 in Fighting
  7009 | D:6      | Found a staircase to the Ecumenical Temple.
  7165 | D:6      | Reached skill level 1 in Armour
  7169 | D:6      | Reached XP level 9. HP: 80/82 MP: 8/8
  7313 | D:6      | Found an opulent altar of Gozag.
  7477 | D:6      | Reached skill level 9 in Fighting
  8101 | D:7      | Noticed Prince Ribbit
  8126 | D:7      | Killed Prince Ribbit
  8487 | D:7      | Found a deep blue altar of Sif Muna.
  9047 | D:7      | Reached ***** piety under Makhleb
  9106 | D:7      | Reached skill level 10 in Fighting
  9459 | D:8      | Reached XP level 10. HP: 93/93 MP: 9/9
  9471 | D:8      | Noticed Psyche
  9489 | D:8      | Killed Psyche
  9532 | D:8      | Noticed Joseph
  9550 | D:8      | Killed Joseph
  9793 | D:8      | Noticed a three-headed hydra
  9805 | D:8      | Noticed a blizzard demon
  9956 | D:6      | Mangled by a three-headed hydra

Levels and vault maps discovered:
D:1:      kb_arrival_jail, layout_basic, serial_glass, glass_columns_b,
          glass_columns_b, item_on_display_a, item_on_display_a
D:2:      layout_loops_ring, okawaru_ov_weapons_minmay,
          grunt_temple_overflow_open, nicolae_overflow_hidden_temple,
          first_ration, makhleb_blood_cavern_becter, uniq_terence, uniq_sigmund
D:3:      minmay_goblin_kobold_castle, layout_basic,
          chequers_ecumenical_altar_island, minivault_23,
          fedhas_altar_fruit_tree
D:4:      layout_basic, grunt_temple_overflow_growth_and_decay
D:5:      layout_basic
D:6:      layout_layer_cave, kennysheep_mini, temple_fountains
D:7:      layout_loops_corners, lemuel_blue_sif_altar, uniq_prince_ribbit1
D:8:      layout_gridville, special_room [special_room_kobold], hangedman_ranch
          [blue_anna_fruit_fields], kennysheep_nub, grunt_decor_cap,
          uniq_gastronok, uniq_psyche, uniq_joseph, uniq_harold

Skill      XL: |  1  2  3  4  5  6  7  8  9 10 |
---------------+-------------------------------+-----
Dodging        | 3 4 5 |  5.0
Fighting       | 4 5 6 8 10 | 10.7
Stealth        | 3 4 5 6 7 8 |  8.0
Unarmed Combat | 4 5 6 7 8 |  8.0
Armour         | 1 3 4 |  4.1

Action                   |  1- 3 |  4- 6 |  7- 9 | 10-12 || total
-------------------------+-------+-------+-------+-------++-------
Melee: Dagger            |    31 |       |       |       ||    31
       Unarmed           |    96 |   157 |   647 |    65 ||   965
       Punch             |     1 |       |     8 |     4 ||    13
Throw: Dart              |       |     4 |       |       ||     4
Invok: Lesser Servant of |       |       |     3 |     4 ||     7
       Minor Destruction |       |       |     1 |       ||     1
       Major Destruction |       |       |       |     1 ||     1
       Greater Servant o |       |       |       |     1 ||     1
Evoke: Wand              |       |     2 |       |     2 ||     4
  Use: Scroll            |       |     8 |     8 |       ||    16
 Stab: Sleeping          |     4 |     8 |       |       ||    12
       Paralysed         |       |     3 |       |       ||     3
  Eat: Chunk             |     7 |     8 |    28 |     8 ||    51
Armor: Robe              |    42 |    28 |       |       ||    70
       Chain mail        |       |    25 |   398 |    71 ||   494
Dodge: Dodged            |   130 |   100 |   277 |    37 ||   544

Table legend:
 A = Non-vault XP
 B = Vault XP
 C = Vault XP percentage of total XP
 D = Non-vault monster count
 E = Vault monster count
 F = Vault count percentage of total count
                 A         B        C        D         E       F
            +---------+---------+-------+---------+---------+-------
      Total |    3708 |    2541 |  40.7 |     193 |      53 |  21.5
            +---------+---------+-------+---------+---------+-------
        D:1 |      42 |       0 |   0.0 |      23 |       0 |   0.0
        D:2 |      71 |     309 |  81.3 |      26 |       3 |  10.3
        D:3 |     114 |     503 |  81.5 |      30 |      43 |  58.9
        D:4 |     626 |       0 |   0.0 |      42 |       0 |   0.0
        D:5 |     323 |       0 |   0.0 |       9 |       0 |   0.0
        D:6 |    1204 |       0 |   0.0 |      17 |       0 |   0.0
        D:7 |    1099 |     274 |  20.0 |      34 |       1 |   2.9
        D:8 |     229 |    1455 |  86.4 |      12 |       6 |  33.3
            +---------+---------+-------+---------+---------+-------
